 Dungeon Crawl Stone Soup version 0.27-a0-1188-g73eefd5def (webtiles) character file.

Game seed: 5272855896003881007

2907 robertstho the Thaumaturge (level 10, -21/60 HPs)
             Began as a Djinni Fire Elementalist on May 21, 2021.
             Was a Follower of Hepliaklqana.
             Demolished by a two-headed ogre
             ... wielding a +0 giant club
              (27 damage)
             ... on level 8 of the Dungeon.
             The game lasted 00:13:43 (9658 turns).

robertstho the Thaumaturge (DjFE)                   Turns: 9658, Time: 00:13:43

Health: -21/60     AC:  5    Str:  7    XL:     10   Next: 6%
Gold:   297        EV: 13    Int: 19    God:    Hepliaklqana [*.....] SH:  0 Dex: 15

rFire    + + +     SeeInvis .   d - +2 dagger (venom)
rCold    . . .     Faith    .   (no shield)
rNeg     . . .     Spirit   .   a - +0 robe
rPois    ∞         Reflect  .   f - +2 hat
rElec    +         Harm     .   (no cloak)
rCorr    +         Rampage  .   t - +0 pair of gloves
Will     +....                  (boots unavailable)
Stlth    ++........             (no amulet)
HPRegen  0.20/turn              h - ring of wizardry
MPRegen  0.00/turn              (no ring)

@: resistant, attractive, flying
A: reduced essence, sickness immunity, fire resistance 2, cold vulnerability 1,
float, innate caster, hp casting, extra vitality 1
a: Renounce Religion, Recall Ancestor, Ancestor Identity


You were on level 8 of the Dungeon.
You worshipped Hepliaklqana.
Hepliaklqana was aware of your devotion.
You visited 1 branch of the dungeon, and saw 8 of its levels.
You also visited: Sewer.

You collected 297 gold pieces.

Inventory:

Hand Weapons
 b - a +0 short sword
 d - a +2 dagger of venom (weapon)
Armour
 a - a +0 robe (worn)
 f - a +2 hat (worn)
 t - a +0 pair of gloves (worn)
Jewellery
 h - a ring of wizardry (left hand)
Wands
 q - a wand of iceblast (5)
 x - a wand of polymorph (16)
Scrolls
 c - 3 scrolls of fear {unknown}
 e - a scroll of enchant weapon {unknown}
 i - 2 scrolls of fog {unknown}
 j - a scroll of enchant armour {unknown}
 k - a scroll of noise {unknown}
 m - a scroll of identify
 o - a scroll of blinking {unknown}
 p - a scroll of magic mapping {unknown}
 u - a scroll of amnesia {unknown}
 y - a scroll of brand weapon
Potions
 g - a potion of mutation
 l - a potion of might {unknown}
 n - 2 potions of heal wounds {unknown}
 r - 2 potions of haste {unknown}
 s - 2 potions of resistance
 w - a potion of lignification {unknown}


   Skills:
 * Level 3.7 Fighting
 + Level 1.2 Short Blades
 + Level 3.7 Dodging
 + Level 3.7 Stealth
 + Level 0.4 Unarmed Combat
 * Level 8.9 Spellcasting
 * Level 2.8 Invocations


You had one spell level left.
You knew the following spells:

 Your Spells              Type           Power      Damage    Failure   Level
a - Foxfire               Conj/Fire      100%       2x1d9     1%          1
b - Conjure Flame         Conj/Fire      42%        6-21      1%          3
c - Inner Flame           Hex/Fire       42%        N/A       1%          3
d - Sticky Flame          Conj/Fire      42%        2d6       1%          4
e - Fireball              Conj/Fire      21%        3d10      2%          5
f - Corona                Hex            46%        N/A       1%          1
g - Ensorcelled Hibernat  Hex/Ice        84%        N/A       1%          2
h - Lesser Beckoning      Tloc           21%        N/A       1%          3
i - Portal Projectile     Hex/Tloc       84%        N/A       1%          3
Your spell library was empty.

Dungeon Overview and Level Annotations

Branches:
Dungeon (8/15)             Temple (0/1) D:5            Lair (0/6) D:8
  Sewer (visited)

Altars:
Cheibriados
Hepliaklqana
Nemelex Xobeh
Okawaru
Qazlal
Ru
Trog

Shops:
D:5 =


Innate Abilities, Weirdness & Mutations

Your life essence is reduced to manifest your ancestor. (-10% HP)
You are immune to sickness and miasma.
You are immune to poison.
Your flesh is very heat resistant. (rF++)
You are vulnerable to cold. (rC-)
You float through the air rather than walking.
You learn spells naturally, not from books.
Your magical power is your life essence.
You have superior vitality. (+4 HP)


Message History

Press: ? - help, Dir - move target, f - wyvern
Aim: a wyvern Attack!
The wyvern bites Citlalmina!
Your magical contamination has completely faded away.
Unknown command.
The wyvern bites Citlalmina!
Citlalmina hits the wyvern but does no damage.
The wyvern bites Citlalmina!
Citlalmina is destroyed!
As you read the scroll of teleportation, it crumbles to dust.
You feel strangely unstable.
Your surroundings suddenly seem different.
A wyvern comes into view.
Found a scroll of identify.
As you read the scroll of teleportation, it crumbles to dust.
You feel strangely unstable.
The wyvern hisses angrily.
Your surroundings seem slightly different.
A scorpion comes into view.
You see here a scroll of identify.
m - a scroll of identify The iguana hisses angrily.
The two-headed ogre shouts in stereo!
Found a trident.
The wyvern bites you!
* * * LOW HITPOINT WARNING * * *
A basilisk comes into view.
Okay, then.
It was a potion of resistance.
You feel protected. The scorpion closely misses you.
Okay, then.
It was a potion of attraction.
You feel attractive to monsters.
A yak comes into view.
The yak moves out of view.
The two-headed ogre is pulled toward you!
This is a scroll of acquirement!
Something appears before you!
The two-headed ogre hits you with a +0 giant club!!
You die...

#... #... ...##
######## #...#
##......## #.#)#
##........##
#...###..........#
#..l.##..........#
...###.O#.##..........#
.......@#O.#..........#
........##l#..........#
....##..##.l#........##
... #...##...........
.. .................# .
......##..........#
...... #..........#
...................
.... ...........#


You could see a two-headed ogre and a wyvern.

Vanquished Creatures
  A wyvern (D:8)
  A steam dragon (D:7)
  4 water moccasins
  An orc warrior (D:8)
  2 sky beasts
  An ogre (D:5)
  2 black bears
  4 kobold brigands (Sewer)
  4 scorpions
  A bullfrog (D:7)
  A water moccasin zombie (D:6)
  A water moccasin skeleton (D:7)
  An electric eel (D:7)
  A bullfrog zombie (D:6)
  2 centaur zombies
  2 orc priests
  2 hounds (D:7)
  3 jellies (D:6)
  A centaur skeleton (D:7)
  2 bullfrog skeletons (D:5)
  3 iguanas
  4 orc wizards
  A killer bee zombie (D:7)
  A mummy (D:4)
  7 gnolls
  7 adders
  2 river rats
  3 ufetubi
  6 worms
  2 dart slugs
  15 orcs
  12 bats
  15 endoplasms
  A giant cockroach (D:4)
  5 goblins
  4 hobgoblins
  6 jackals
  14 kobolds
  2 quokkas
  8 ball pythons
  A frilled lizard (D:2)
  6 rats
162 creatures vanquished.

Vanquished Creatures (collateral kills)
  A water moccasin zombie (D:6)
1 creature vanquished.

Vanquished Creatures (others)
  2 ancestors (D:8)
  2 bushes (D:8)
  634 foxfires
  7 fungi (D:8)
  9 plants (D:8)
654 creatures vanquished.

Grand Total: 817 creatures vanquished

Notes
Turn   | Place    | Note
-------+----------+-------------------------------------------
     0 | D:1      | robertstho the Djinni Fire Elementalist began the quest for
                  | the Orb.
     0 | D:1      | Reached XP level 1. HP: 15/15 MP: 0/0
   237 | D:1      | Reached XP level 2. HP: 13/21 MP: 0/0
   669 | D:1      | Reached skill level 3 in Spellcasting
   751 | D:1      | Reached XP level 3. HP: 19/25 MP: 0/0
   751 | D:1      | Learned a level 1 spell: Corona
  1590 | D:2      | Reached XP level 4. HP: 27/31 MP: 0/0
  2078 | D:2      | Found a faded altar of an unknown god.
  3205 | D:3      | Reached XP level 5. HP: 33/35 MP: 0/0
  3205 | D:3      | Learned a level 2 spell: Ensorcelled Hibernation
  3367 | D:3      | Reached skill level 4 in Spellcasting
  3776 | D:4      | Found a glowing drain.
  3787 | D:4      | Reached XP level 6. HP: 12/40 MP: 0/0
  3819 | Sewer    | Entered a sewer
  4227 | Sewer    | Reached XP level 7. HP: 43/46 MP: 0/0
  4227 | Sewer    | Learned a level 3 spell: Lesser Beckoning
  4271 | Sewer    | Reached skill level 5 in Spellcasting
  5090 | D:4      | Reached skill level 1 in Fighting
  5384 | D:4      | Found a snail-covered altar of Cheibriados.
  5642 | D:4      | Found a stormy altar of Qazlal.
  5646 | D:4      | Found a hazy altar of Hepliaklqana.
  5752 | D:5      | Entered Level 5 of the Dungeon
  5780 | D:5      | Reached XP level 8. HP: 50/52 MP: 0/0
  5822 | D:5      | Reached skill level 6 in Spellcasting
  5895 | D:5      | Found Gosh's Jewellery Shoppe.
  5966 | D:4      | Became a worshipper of Hepliaklqana the Forgotten
  6097 | D:5      | Found an iron altar of Okawaru.
  6192 | D:5      | Found a staircase to the Ecumenical Temple.
  6345 | D:5      | Reached skill level 7 in Spellcasting
  6505 | D:5      | Found a bloodstained altar of Trog.
  6507 | D:5      | Found a sacrificial altar of Ru.
  6717 | D:6      | Reached skill level 1 in Invocations
  6812 | D:6      | Reached XP level 9. HP: 17/58 MP: 0/0
  6812 | D:6      | Learned a level 3 spell: Portal Projectile
  7108 | D:6      | Found a sparkling altar of Nemelex Xobeh.
  7154 | D:6      | You are sucked into a shaft and drop 1 floor!
  7624 | D:6      | Reached * piety under Hepliaklqana
  7685 | D:6      | Reached skill level 8 in Spellcasting
  9235 | D:8      | Noticed a two-headed ogre
  9254 | D:8      | Found a staircase to the Lair.
  9265 | D:8      | Noticed a two-headed ogre
  9618 | D:8      | Reached skill level 1 in Short Blades
  9630 | D:8      | Reached XP level 10. HP: 19/60 MP: 0/0
  9658 | D:8      | Identified a scroll of acquirement
  9658 | D:8      | Acquired 707 gold pieces
  9658 | D:8      | Demolished by a two-headed ogre

Illustrated notes

Levels and vault maps discovered:
D:1:      lightli_arrival_isolated_outpost, layout_rooms
D:2:      layout_loops_ring, basic_ecumenical_altar
D:3:      layout_loops_ring
D:4:      layout_rooms, slow_altar_1, grunt_temple_overflow_open,
          portal_sewer_entry_a
D:5:      layout_cave_pools, nicolae_overflow_hidden_temple,
          lemuel_doored_altar, minmay_temple_entry_antechambers, serial_shops,
          shop
D:6:      layout_loops_ring, nemelex_diamond_rough_becter
D:7:      layout_loops_ring, serial_aquarium, aquarium_bridge_square
          [aquarium_subvault_window, aquarium_subvault_wall,
          aquarium_subvault_bridge, aquarium_subvault_bridge],
          aquarium_bridge_square [aquarium_subvault_wall,
          aquarium_subvault_bridge, aquarium_subvault_bridge,
          aquarium_subvault_wall], aquarium_window_fake, aquarium_window_1,
          aquarium_view_2d, aquarium_view_2f, hangedman_decor_diamond_cutter,
          minivault_4
D:8:      layout_rooms, minmay_lair_entry_grove

Skill      XL: |  1  2  3  4  5  6  7  8  9 |
---------------+----------------------------+-----
Spellcasting   | 3 4 5 7 8 |  8.9
Stealth        | 2 3 |  3.7
Dodging        | 3 |  3.7
Fighting       | 1 2 3 |  3.7
Invocations    | 1 2 |  2.8
Short Blades   | 1 |  1.2
Unarmed Combat | |  0.4

Action                   |  1- 3 |  4- 6 |  7- 9 | 10-12 || total
-------------------------+-------+-------+-------+-------++-------
Melee: Unarmed           |     7 |       |       |       ||     7
       Dagger            |       |       |    22 |       ||    22
 Cast: Foxfire           |    86 |    96 |   201 |       ||   383
       Sticky Flame      |       |     2 |    21 |       ||    23
       Fireball          |       |       |    23 |     2 ||    25
  Use: Scroll            |       |     4 |     2 |     3 ||     9
       Potion            |       |     2 |       |     2 ||     4
 Stab: Distracted        |       |       |     1 |       ||     1
       Sleeping          |       |       |     1 |       ||     1
Armor: Robe              |    12 |     3 |    19 |       ||    34
Dodge: Dodged            |    21 |     4 |    47 |     1 ||    73

Table legend: (Time is in decaauts)
 A = Elapsed time spent in this place.
 B = Non-inter-level travel time spent in this place.
 C = Inter-level travel time spent in this place.
 D = Time resting spent in this place.
 E = Time spent auto-exploring this place.
 F = Levels seen in this place.
 G = Mean time per level.
                   A        B        C        D        E       F      G
               +--------+--------+--------+--------+--------+-----+--------+
         Total |   9658 |   9382 |    276 |   1156 |   7066 |   9 | 1073.1 |
       Dungeon |   8414 |   8138 |    276 |    904 |   6299 |   8 | 1051.8 |
         Sewer |   1244 |   1244 |      0 |    252 |    767 |   1 | 1244.0 |
               +--------+--------+--------+--------+--------+-----+--------+

Top non-repeatable levels by time:
     D:1: 1580 daAuts
     D:7: 1488 daAuts
   Sewer: 1244 daAuts
     D:2: 1125 daAuts
     D:5: 1112 daAuts
     D:6: 1081 daAuts
     D:3: 1062 daAuts
     D:4: 789 daAuts
     D:8: 173 daAuts
